 Dungeon Crawl Stone Soup version 0.28-a0-533-g9f97627e2a (webtiles) character file.

Game seed: 113817892522917277

163 bande the Covered (level 5, -1/33 HPs)
             Began as a Gargoyle Fighter on Sept 26, 2021.
             Slain by a gnoll (2 damage)
             ... on level 3 of the Dungeon.
             The game lasted 00:03:26 (2912 turns).

bande the Covered (Gargoyle Fighter)                Turns: 2912, Time: 00:03:28

Health: -1/33      AC: 13    Str: 19 (20) XL:     5   Next: 44%
Magic:  5/5        EV:  7    Int:  5 (8)  God:
Gold:   205        SH:  5    Dex: 14 (16) Spells: 4/4 levels left

rFire   . . .      SeeInvis .   a - +0 war axe
rCold   . . .      Faith    .   c - +0 buckler
rNeg    + . .      Spirit   .   l - +0 chain mail
rPois   ∞          Reflect  .   (no helmet)
rElec   +          Harm     .   (no cloak)
rCorr   .          Rampage  .   (no gloves)
Will    .....                   (no boots)
Stlth   ..........              (no amulet)
HPRegen 0.11/turn               f - +6 ring of dexterity
MPRegen 0.09/turn               (no ring)

@: no status effects
A: sickness immunity, AC +4, negative energy resistance 1, electricity
resistance, torment resistance 1, petrification resistance
a: no special abilities


You were on level 3 of the Dungeon.
You visited 1 branch of the dungeon, and saw 3 of its levels.

You collected 205 gold pieces.

Inventory:

Hand Weapons
 a - a +0 war axe (weapon)
 h - a +0 flail
Armour
 c - a +0 buckler (worn)
 l - a +0 chain mail (worn)
Jewellery
 f - a +6 ring of dexterity (left hand)
Scrolls
 d - 2 scrolls of silence {unknown}
 g - a scroll of fear
Potions
 e - 3 potions of lignification
 k - a potion of flight


   Skills:
 + Level 4.0 Fighting
 + Level 3.3 Axes
 + Level 4.5 Armour
 + Level 3.7 Shields


You had 4 spell levels left.
You didn't know any spells.
Your spell library was empty.

Dungeon Overview and Level Annotations

Branches:
Dungeon (3/15)

Altars:


Innate Abilities, Weirdness & Mutations

You are immune to sickness and miasma.
Your stone body is resilient. (AC +4)
You are immune to poison.
You resist negative energy. (rN+)
You are resistant to electric shocks. (rElec)
You are resistant to unholy torment.
You are immune to petrification.


Message History

You block the gnoll's attack.
The gnoll hits you from afar with a +0 spear.
You hit the gnoll.
The gnoll is severely wounded.
You block the gnoll's attack.
The gnoll hits you from afar with a +0 spear.
You hit the gnoll but do no damage.
The gnoll is severely wounded.
The gnoll hits you with a +0 club. You block the gnoll's attack.
The gnoll hits you but does no damage.
Unknown command.
You barely miss the gnoll.
The gnoll is heavily wounded.
The gnoll hits you from afar with a +0 spear.
* * * LOW HITPOINT WARNING * * *
The gnoll hits you but does no damage. The gnoll barely misses you.
You barely miss the gnoll.
The gnoll is heavily wounded.
The gnoll barely misses you. The gnoll closely misses you.
You hit the gnoll.
The gnoll is almost dead.
Your chain mail prevents you from hitting the kobold.
The gnoll hits you with a +0 club.
* * * LOW HITPOINT WARNING * * *
The gnoll hits you but does no damage. The kobold hits you but does no damage.
The gnoll hits you but does no damage.
You closely miss the gnoll.
The gnoll is almost dead.
You closely miss the kobold. The gnoll hits you but does no damage.
You block the kobold's attack. The gnoll hits you with a +0 club.
* * * LOW HITPOINT WARNING * * *
The gnoll barely misses you.
Unknown command.
It was a potion of degeneration.
There was something very wrong with that liquid.
You feel weakened.
You feel dopey.
You feel clumsy. The kobold hits you with a +0 club.
* * * LOW HITPOINT WARNING * * *
The gnoll hits you with a +0 club.
You die...

≈...≈≈≈.≈≈≈.≈≈≈≈.≈≈.≈≈≈≈.≈..≈≈≈≈≈
≈≈≈≈≈≈≈≈≈≈≈≈≈≈≈≈≈≈≈≈≈≈≈≈≈≈≈≈≈≈≈≈≈
≈≈≈≈≈≈≈≈≈≈≈≈≈≈≈≈≈≈≈≈≈≈≈≈≈≈≈≈≈≈≈≈≈
≈≈≈≈≈≈≈#####≈≈≈≈≈≈≈≈≈≈≈≈≈≈≈≈≈≈≈≈≈
≈≈≈≈≈≈≈# ######################
≈≈≈≈≈≈≈# #......## ##.....#....
≈≈≈≈≈≈≈ #.......###......').).
'##..g)....#.......#####
......g@...#.........)..
......K(...'.........)..
...........#.........)).
+##........#.......#####
#.......###......')... #......##
##.....#)... ######## ###########


You could see 2 gnolls and a kobold.

Vanquished Creatures
  An orc wizard (D:3)
  7 gnolls
  A worm (D:3)
  2 dart slugs (D:2)
  4 orcs (D:3)
  4 endoplasms
  A giant cockroach (D:2)
  4 goblins
  4 hobgoblins
  28 kobolds
  5 ball pythons
  A bat (D:1)
  2 frilled lizards
  5 rats
69 creatures vanquished.

Notes
Turn   | Place    | Note
-------+----------+-------------------------------------------
     0 | D:1      | bande the Gargoyle Fighter began the quest for the Orb.
     0 | D:1      | Reached XP level 1. HP: 14/14 MP: 1/1
   352 | D:1      | Reached XP level 2. HP: 19/19 MP: 2/2
   532 | D:1      | Found a faded altar of an unknown god.
  1075 | D:2      | Reached XP level 3. HP: 24/24 MP: 3/3
  1458 | D:2      | Reached XP level 4. HP: 29/29 MP: 4/4
  2777 | D:3      | Reached XP level 5. HP: 33/33 MP: 5/5
  2912 | D:3      | HP: 1/33 [kobold (1)]
  2912 | D:3      | Slain by a gnoll

Illustrated notes

Levels and vault maps discovered:
D:1:      sevenhm_arrival_forest_fort_small_4, layout_basic,
          shapermc_ecumenical_altar_mp_highgroup, hangedman_feature_mirror
D:2:      layout_loops_ring, chequers_serial_rivers_large_b,
          minmay_goblin_kobold_house
D:3:      minmay_goblin_kobold_castle, layout_basic, kennysheep_generic_room_12

Skill      XL: |  1  2  3  4  5 |
---------------+----------------+-----
Axes           | 2 3 |  3.3
Armour         | 4 |  4.5
Fighting       | 4 |  4.0
Shields        | |  3.7

Action                   |  1- 3 |  4- 6 || total
-------------------------+-------+-------++-------
Melee: War axe           |    39 |   103 ||   142
  Use: Scroll            |     1 |     4 ||     5
       Potion            |       |     2 ||     2
Armor: Scale mail        |    16 |     7 ||    23
       Chain mail        |       |    84 ||    84
Dodge: Dodged            |    15 |    39 ||    54
Block: Buckler           |     7 |    30 ||    37

Table legend: (Time is in decaauts)
 A = Elapsed time spent in this place.
 B = Non-inter-level travel time spent in this place.
 C = Inter-level travel time spent in this place.
 D = Time resting spent in this place.
 E = Time spent auto-exploring this place.
 F = Levels seen in this place.
 G = Mean time per level.
                   A        B        C        D        E       F      G
               +--------+--------+--------+--------+--------+-----+--------+
         Total |   3001 |   3001 |      0 |    561 |   1941 |   3 | 1000.3 |
       Dungeon |   3001 |   3001 |      0 |    561 |   1941 |   3 | 1000.3 |
               +--------+--------+--------+--------+--------+-----+--------+

Top non-repeatable levels by time:
     D:1: 1374 daAuts
     D:3: 823 daAuts
     D:2: 803 daAuts
